 Dungeon Crawl Stone Soup version 0.20.1-1-g8b1a95d (webtiles) character file.

2226 Gatuga the Magician (level 9, -3/50 HPs)
             Began as a Deep Elf Earth Elementalist on July 27, 2017.
             Hit by a steel tomahawk thrown by an orc warrior (13 damage)
             ... on level 8 of the Dungeon.
             The game lasted 00:45:37 (8055 turns).

Gatuga the Magician (Deep Elf Earth Elementalist)   Turns: 8055, Time: 00:45:37

Health: -3/50      AC:  5    Str:  5    XL:     9   Next: 13%
Magic:  31/31      EV: 15    Int: 24    God:
Gold:   234        SH:  0    Dex: 15    Spells: 17/23 levels left

rFire    . . .     SeeInvis .   n - +2 falchion (freeze)
rCold    . . .     Gourm    .   (no shield)
rNeg     . . .     Faith    .   c - +1 robe
rPois    .         Spirit   .   (no helmet)
rElec    .         Reflect  .   E - +0 cloak
rCorr    .         Harm     .   t - +0 pair of gloves
MR       .....                  (no boots)
Stlth    +++.......             (no amulet)
Regen    0.2/turn               k - ring of magical power
MPRegen  0.3/turn               (no ring)

@: no status effects
A: no striking features
a: no special abilities


You were on level 8 of the Dungeon.
You were hungry.

You visited 1 branch of the dungeon, and saw 8 of its levels.

You collected 292 gold pieces.
You spent 58 gold pieces at shops.

Inventory:

Hand Weapons
 h - a +0 dagger of electrocution
 n - a +2 falchion of freezing (weapon)
Missiles
 b - 98 stones (quivered)
Armour
 c - a +1 robe (worn)
 t - a +0 pair of gloves (worn)
 E - a +0 cloak (worn)
Jewellery
 j - a cursed ring of teleportation {unknown}
 k - a ring of magical power (left hand)
 m - a +3 ring of strength {unknown}
 y - a +4 ring of protection {unknown}
 z - a cursed ring of loudness {unknown}
 I - a cursed amulet of guardian spirit {unknown}
Wands
 p - a wand of digging (14/24)
 v - a wand of disintegration (11/24)
 C - a wand of digging (10/24)
 D - a wand of paralysis (17/24)
Scrolls
 i - 4 scrolls of teleportation
 q - 3 scrolls of enchant armour
 x - 2 scrolls of magic mapping
 G - a scroll of amnesia {unknown}
 H - a scroll of fog
Potions
 g - 2 potions of haste {unknown}
 l - a potion of curing
 o - a potion of resistance
 A - 2 potions of brilliance {unknown}
 B - 2 potions of flight {unknown}
 F - a potion of berserk rage {unknown}
 J - a potion of cancellation {unknown}
 K - a potion of invisibility {unknown}
 M - a potion of agility {unknown}
 N - a potion of heal wounds {unknown}
 O - 2 potions of lignification {unknown}
Books
 e - a book of Geomancy

   Spells                             Type                      Level
   a - Sandblast                      Earth                        1
   b - Passwall                       Transmutation/Earth          2
   c - Stone Arrow                    Conjuration/Earth            3
   d - Petrify                        Transmutation/Earth          4
   e - Lee's Rapid Deconstruction     Earth                        5
 r - a book of Cantrips

   Spells                             Type                      Level
   a - Confusing Touch                Hexes                        1
   b - Animate Skeleton               Necromancy                   1
   c - Summon Small Mammal            Summoning                    1
   d - Apportation                    Translocation                1
Comestibles
 a - 6 fruits
 d - 4 bread rations
 f - 5 royal jellies
 s - 3 meat rations


   Skills:
 + Level 3.0 Fighting
 + Level 1.9(4.0) Short Blades
 + Level 5.1(5.3) Long Blades
 + Level 5.8 Dodging
 + Level 4.9 Stealth
 + Level 7.9 Spellcasting
   Level 1.1 Transmutations
 + Level 6.8 Earth Magic


You had 17 spell levels left.
You knew the following spells:

 Your Spells              Type           Power        Failure   Level  Hunger
a - Sandblast             Erth           #####.       1%          1    None
b - Lee's Rapid Deconstr  Erth           #####.....   11%         5    #####..


Dungeon Overview and Level Annotations

Branches:
Dungeon (8/15)
 Temple: D:4-7         Lair: D:8-11

Altars:
Ashenzari
Qazlal
Vehumet
Yredelemnul

Shops:
D:5 :   D:6 [   D:8 :

Annotations:
D:2 1 exclusion
D:7 Dowan, Duvessa


Message History

An orc warrior comes into view. It is wielding a long sword.
Press: ? - help, v - describe, . - travel
Here: an orc warrior, wielding a long sword and wearing a chain mail (resting)
The floor. 2 orcs come into view.
The orc warrior shouts!
The orc warrior throws a steel tomahawk.
The steel tomahawk hits you!
The orc warrior throws a steel tomahawk.
The steel tomahawk barely misses you.
The orc warrior throws a steel tomahawk.
The steel tomahawk barely misses you.
The orc warrior throws a steel tomahawk.
The steel tomahawk hits you!!
* * * LOW HITPOINT WARNING * * *
There is a stone staircase leading up, spattered with blood here.
You see here a steel tomahawk.
The orc warrior throws a steel tomahawk.
The steel tomahawk hits you!
You die...

.. #.........##
#.####.........#
##.#....#.........#
.....o..o.........#
.......#..........#
..oo...#(...#.#####
..o....####...######
....... #..........#
....### #.....@....#
.... #..........#
... #.....((...#
#..........#
############


You could see an orc warrior.

Vanquished Creatures
  Prince Ribbit (D:6)
  2 ice beasts
  3 ogres
  3 centaurs
  2 bullfrogs (D:6)
  6 killer bees (D:7)
  9 wights
  3 crimson imps
  A bullfrog zombie (D:7)
  2 hounds
  2 orc wizards (D:5)
  An orc priest (D:4)
  5 worker ants
  A hound zombie (D:7)
  A hound skeleton (D:7)
  A worker ant zombie (D:8)
  5 adders
  A shadow imp (D:6)
  3 oozes
  An adder zombie (D:5)
  3 worms
  2 adder skeletons
  A dart slug (D:2)
  2 leopard geckos
  10 orcs
  2 bats (D:2)
  7 giant cockroaches
  6 goblins
  4 hobgoblins
  9 jackals
  4 kobolds
  2 quokkas
  2 ball pythons
  A frilled lizard (D:3)
  A jackal skeleton (D:5)
  A quokka skeleton (D:4)
  6 rats
116 creatures vanquished.

Vanquished Creatures (others)
  A gnoll shaman (D:7)
  5 gnolls (D:7)
6 creatures vanquished.

Grand Total: 122 creatures vanquished

Notes
Turn   | Place    | Note
-------+----------+-------------------------------------------
     0 | D:1      | Gatuga the Deep Elf Earth Elementalist began the quest for the Orb.
     0 | D:1      | Reached XP level 1. HP: 10/10 MP: 6/6
   262 | D:1      | Reached XP level 2. HP: 5/15 MP: 6/8
  1174 | D:2      | Reached XP level 3. HP: 5/19 MP: 5/9
  1639 | D:2      | Found a stormy altar of Qazlal.
  2552 | D:2      | Reached XP level 4. HP: 6/24 MP: 8/11
  2867 | D:3      | Found a radiant altar of Vehumet.
  3330 | D:4      | Found a shattered altar of Ashenzari.
  3418 | D:4      | Reached skill level 1 in Short Blades
  3758 | D:4      | Noticed an ogre
  3767 | D:4      | Killed an ogre
  3767 | D:4      | Reached skill level 1 in Fighting
  3767 | D:4      | Reached XP level 5. HP: 29/29 MP: 12/12
  3970 | D:4      | Learned a level 5 spell: Lee's Rapid Deconstruction
  4044 | D:4      | Reached skill level 4 in Spellcasting
  4191 | D:5      | Entered Level 5 of the Dungeon
  4413 | D:5      | Reached skill level 1 in Long Blades
  4606 | D:5      | Reached XP level 6. HP: 25/34 MP: 14/14
  4990 | D:5      | Found Yqadacesk's Book Emporium.
  5148 | D:5      | Noticed an ice beast
  5159 | D:5      | Killed an ice beast
  5159 | D:5      | Reached XP level 7. HP: 25/39 MP: 15/15
  5318 | D:6      | Found Yxuhu's Armour Boutique.
  5323 | D:6      | Bought a +0 cloak for 58 gold pieces
  5329 | D:6      | Found a basalt altar of Yredelemnul.
  5471 | D:6      | Noticed Prince Ribbit
  5481 | D:6      | Reached skill level 5 in Earth Magic
  5525 | D:6      | Killed Prince Ribbit
  5525 | D:6      | Reached skill level 5 in Spellcasting
  5733 | D:6      | Reached skill level 5 in Dodging
  5784 | D:6      | Reached XP level 8. HP: 22/44 MP: 18/18
  5999 | D:6      | Reached skill level 6 in Spellcasting
  6490 | D:6      | Reached skill level 7 in Spellcasting
  7433 | D:7      | Noticed Duvessa
  7433 | D:7      | Noticed Dowan
  7624 | D:7      | Found a basalt altar of Yredelemnul.
  7652 | D:7      | Got a polished cloak
  7663 | D:7      | Identified the cursed +0 cloak of Dramatic Exits {+Fly Int-3 Stlth+} (You found it on level 7 of the Dungeon)
  7682 | D:7      | Reached skill level 5 in Long Blades
  7682 | D:7      | Reached XP level 9. HP: 49/49 MP: 22/22
  7802 | D:7      | HP: 1/50 [yak (9)]
  8015 | D:8      | Found Efilat's Book Shop.
  8055 | D:8      | Hit by a steel tomahawk thrown by an orc warrior

Skill      XL: |  1  2  3  4  5  6  7  8  9 |
---------------+----------------------------+-----
Earth Magic    | 4 5 6 |  6.8
Dodging        | 3 4 5 |  5.8
Short Blades   | 1 |  1.9
Fighting       | 1 2 3 |  3.0
Stealth        | 3 4 |  4.9
Spellcasting   | 4 5 7 |  7.9
Long Blades    | 1 2 3 5 |  5.1
Transmutations | |  1.1

Action                   |  1- 3 |  4- 6 |  7- 9 || total
-------------------------+-------+-------+-------++-------
Melee: Dagger            |   114 |    32 |       ||   146
       Falchion          |       |    95 |   127 ||   222
 Cast: Sandblast         |    21 |    15 |    63 ||    99
  Use: Scroll            |       |    10 |     5 ||    15
       Potion            |       |     2 |     1 ||     3
 Stab: Sleeping          |     4 |     2 |     2 ||     8
  Eat: Chunk             |     5 |     8 |     9 ||    22
Armor: Robe              |    15 |    27 |    27 ||    69
Dodge: Dodged            |    80 |   109 |   126 ||   315
       Rpst.: Falchion   |       |    33 |    44 ||    77
